cohdb
Replays
Latest Replays
All Replays
Popular Replays
Top Player Replays
Match Explorer
How It Works
Community
CoH3 Stats
Reddit
Sign in to upload your games and track your stats! →
Sign in with Steam
Match 46857029
Unlisted
Match 46857029
Overview
Messages
Build Orders
End
Construct Section Command Post
Vickers Machine Gun Team
Dingo Light Scout Car
Selects Heavy Armor Battlegroup
Infantry Section
Infantry Section
Construct Field Infirmary
Selects Rigorous Vehicle Training
Construct Platoon Command Post
Unlock M3 Stuart Light Tanks
6-pounder Anti-tank Gun Team
M3 Stuart Light Tank
M3 Stuart Light Tank
Selects Forward Repair Assembly
M3 Stuart Light Tank
Royal Engineer Section
Selects Light Vehicle Withdraw and Refit
Selects UNKNOWN (202330)
Construct Company Command Post
Crusader II Medium Tank
Unlock Towed 17-pounder Anti-tank Guns
Crusader II Medium Tank
Sami
Etgo
Hk
Jarkke
ridwan_maassarani
microsoftboy
2313
suan pu tao O
0
0
Comments
sign in to comment!
No comments posted yet!